 Dungeon Crawl Stone Soup version 0.19.5 (webtiles) character file.

197 Azzok the Skirmisher (level 5, -1/50 HPs)
             Began as a Centaur Berserker on June 2, 2017.
             Was a Priest of Trog.
             Slain by an ogre
             ... wielding a +0 giant club
              (10 damage)
             ... on level 5 of the Dungeon.
             The game lasted 00:06:33 (2688 turns).

Azzok the Skirmisher (Centaur Berserker)            Turns: 2688, Time: 00:06:35

Health: -1/50      AC:  9    Str: 23    XL:     5   Next: 46%
Magic:  5/5        EV:  4    Int:  6    God:    Trog [***...]
Gold:   192        SH:  0    Dex:  9    Spells: 0 memorised, 4 levels left

rFire  . . .     SeeInvis .     a - +0 falchion
rCold  . . .     Gourm    .     f - +0 plate armour
rNeg   . . .     Faith    .     (no shield)
rPois  +         Spirit   .     p - +0 helmet
rElec  .         Reflect  .     (no cloak)
rCorr  .         Harm     .     (no gloves)
MR     .....                    (no barding)
Stlth  ..........               (no amulet)
                                u - ring of poison resistance
                                s - +3 ring of strength

@: very quick
A: hooves 3, deformed body, speed 2, tough skin 3
a: Berserk, Trog's Hand, Burn Spellbooks, Renounce Religion


You were on level 5 of the Dungeon.
You worshipped Trog.
Trog was most pleased with you.
You were not hungry.

You visited 1 branch of the dungeon, and saw 4 of its levels.

You collected 192 gold pieces.

Inventory:

Hand Weapons
 a - a +0 falchion (weapon)
Missiles
 i - 51 arrows
Armour
 f - a +0 plate armour (worn)
 p - a +0 helmet (worn)
Jewellery
 s - a +3 ring of strength (left hand)
 u - a ring of poison resistance (right hand)
Scrolls
 e - 2 scrolls of remove curse {unknown}
 h - 6 scrolls of identify {unknown}
 j - 2 scrolls of amnesia {unknown}
 m - a scroll of random uselessness {unknown}
 n - a scroll of fear {unknown}
 r - a scroll of teleportation {unknown}
Potions
 g - 6 potions of heal wounds {unknown}
 l - a potion of magic {unknown}
 o - 3 potions of curing {unknown}
 t - a potion of agility {unknown}
 v - a potion of degeneration {unknown}
Comestibles
 c - 4 bread rations {@e1}
 d - 6 fruits
 k - 3 meat rations {@e2}
 q - a beef jerky


   Skills:
 + Level 6.2 Fighting
 - Level 2.6 Long Blades
 - Level 1.3 Armour
 - Level 1.3 Dodging


You had 4 spell levels left.
You didn't know any spells.

Dungeon Overview and Level Annotations

Branches:
Dungeon (3/15)

Altars:

Shops:
D:5 }

Annotations:
D:5 Blork the orc


Innate Abilities, Weirdness & Mutations

You have hooves in place of feet.
Armour fits poorly on your strangely shaped body.
You cover ground very quickly.
You have extremely tough skin. (AC +3)


Message History

The howler monkey hoots and howls with incredible vigour!
Okay, then.
The howler monkey completely misses you.
The howler monkey hits you.
* * * LOW HITPOINT WARNING * * *
The orc hits you with a hand axe.
* * * LOW HITPOINT WARNING * * *
You take 3 damage, and have 5/50 hp.
The howler monkey hoots and howls with incredible vigour!
There is an entrance to Ypaitu's Gadget Shop here.
The howler monkey hoots and howls with incredible vigour!
The orc wizard casts a spell.
The orc wizard flickers and vanishes!
Found a robe.
You hear the slow hiss of an avalanche of sand.
A worker ant comes into view.
The worker ant twitches its antennae in your direction.
A sky beast comes into view.
The ogre hits you with a giant club!
You die...

▒·····▒ ····▒ ▒▒▒··▒▒
▒▒····▒ ▒▒·▒▒
▒▒▒·····▒▒ ▒▒·▒
▒········▒ ▒·▒▒▒
▒········▒
▒▒h·▒▒▒▒▒▒▒▒▒········▒
▒·······▒▒····▒▒▒·····▒
▒·▒▒▒▒·o▒··a▒▒▒ ····▒
··· ▒▒·O@▒▒▒ ···· ·▒▒·
▒··▒▒ ·Y▒ ▒ ▒▒ ▒······
·· ·········· ·
▒··▒▒▒▒····▒ ▒· ▒·····
· ▒······ ▒···▒▒▒·


You could see an ogre, a howler monkey, a worker ant and an orc.

Vanquished Creatures
  Ijyb (D:2)
  Jessica (D:2)
  Terence (D:3)
  Robin (D:2)
  4 adders
  2 worms (D:2)
  A leopard gecko (D:3)
  2 orcs (D:3)
  7 bats
  3 giant cockroaches
  10 goblins
  7 hobgoblins
  6 jackals
  3 quokkas (D:2)
  3 frilled lizards
  5 kobolds
  5 rats
62 creatures vanquished.

Notes
Turn   | Place    | Note
-------+----------+-------------------------------------------
     0 | D:1      | Azzok the Centaur Berserker began the quest for the Orb.
     0 | D:1      | Reached XP level 1. HP: 19/19 MP: 1/1
   366 | D:1      | Reached XP level 2. HP: 26/26 MP: 2/2
   960 | D:2      | Noticed Jessica
   965 | D:2      | Killed Jessica
   965 | D:2      | Reached skill level 4 in Fighting
   965 | D:2      | Reached XP level 3. HP: 34/34 MP: 3/3
  1094 | D:2      | Noticed Ijyb
  1104 | D:2      | Killed Ijyb
  1104 | D:2      | Reached skill level 5 in Fighting
  1104 | D:2      | Reached XP level 4. HP: 42/42 MP: 4/4
  1105 | D:2      | Noticed Robin
  1162 | D:2      | Reached ** piety under Trog
  1167 | D:2      | Killed Robin
  1957 | D:2      | Reached XP level 5. HP: 43/50 MP: 5/5
  2124 | D:3      | Noticed Terence
  2133 | D:3      | Killed Terence
  2133 | D:3      | Reached skill level 6 in Fighting
  2210 | D:3      | Reached *** piety under Trog
  2606 | D:3      | You fall through a shaft for 2 floors!
  2606 | D:5      | Entered Level 5 of the Dungeon
  2610 | D:5      | Noticed an ogre
  2616 | D:5      | Noticed Blork the orc
  2638 | D:5      | Found Ypaitu's Gadget Shop.
  2682 | D:5      | Noticed a sky beast
  2688 | D:5      | Slain by an ogre

Skill      XL: |  1  2  3  4  5 |
---------------+----------------+-----
Fighting       | 4 5 6 |  6.2
Long Blades    | |  2.6
Armour         | |  1.3
Dodging        | |  1.3

Action                   |  1- 3 |  4- 6 || total
-------------------------+-------+-------++-------
Melee: Falchion          |    60 |   155 ||   215
       Kick              |    11 |    27 ||    38
Invok: Berserk           |     2 |     2 ||     4
  Eat: Chunk             |     1 |     7 ||     8
Armor: Animal skin       |    19 |       ||    19
       Ring mail         |     4 |       ||     4
       Plate armour      |    12 |   121 ||   133
Dodge: Dodged            |    32 |    20 ||    52
       Rpst.: Falchion   |    11 |     5 ||    16
